Golden Knights vs Rangers

Created - 12 février 2020 at 20:09

Goals
1 2 3 OT1 SO T
Golden Knights 0 1 0 0 0 1
Rangers 1 0 0 0 1 2
Shots
1 2 3 OT1 SO T
Golden Knights 14 6 16 0 3 36
Rangers 16 8 10 0 2 34

1st period

1. Rangers , Jason Zucker 15 (Nazem Kadri 36, Justin Williams 16) at 14:11

Penalties :
No Penalty

2nd period

2. Golden Knights , Derek Stepan 18 (Evgeni Malkin 41, Dustin Byfuglien 29) at 6:47

Penalties :
Kyle Okposo (VGK) for Holding (Minor) at 1:59

3rd period

No Goal

Penalties :
Antoine Roussel (VGK) for Boarding (Minor) at 8:07

Overtime #1

No Goal

Penalties :
No Penalty

Shootout

Golden Knights, Evgeni Malkin - Stopped by Philipp Grubauer
Rangers, Kyle Connor - Stopped by Connor Hellebuyck
Golden Knights, Dustin Byfuglien - Stopped by Philipp Grubauer
Rangers, Matt Duchene - Goal!
Golden Knights, Phil Kessel - Shot Misses the Net

Penalties :
No Penalty

Goalie Stats

Connor Hellebuyck (VGK), 33 saves from 34 shots - (0,971), OTL, 28-12-4, 65:00 minutes
Philipp Grubauer (NYR), 35 saves from 36 shots - (0,972), W, 23-9-8, 65:00 minutes

Players Stats for Golden Knights

Player Name              G  A  P  +/- PIM S  H  SB GA TA FO     MP     PP MP  PK MP  
------------------------------------------------------------------------------------
Antoine Roussel          0  0  0   0  2   2  1  0  0  0  0/0    16:37   0:00   0:00 
Austin Watson            0  0  0   0  0   3  2  0  0  0  0/0    13:02   0:00   0:00 
Blake Coleman            0  0  0   0  0   2  1  2  1  1  7/17   16:51   0:00   0:00 
Brock Boeser             0  0  0   0  0   3  1  0  0  0  0/1    18:20   0:00   0:55 
Brooks Orpik             0  0  0   0  0   3  4  1  0  0  0/0    22:13   0:00   1:55 
Byron Froese             0  0  0  -1  0   1  0  0  0  0  1/3     9:50   0:00   0:00 
Derek Stepan             1  0  1   1  0   1  1  0  0  0  0/1    19:28   0:00   0:55 
Drake Caggiula           0  0  0  -1  0   0  2  3  0  0  0/0    10:51   0:00   0:41 
Dustin Byfuglien         0  1  1   1  0   2  3  0  0  0  0/0    26:11   0:00   2:15 
Evgeni Malkin            0  1  1   1  0   5  0  1  0  0  13/33  20:52   0:00   2:00 
Korbinian Holzer         0  0  0  -1  0   0  1  2  0  0  0/0    14:58   0:00   0:13 
Kris Russell             0  0  0  -1  0   1  0  0  0  0  0/0    14:44   0:00   0:00 
Kyle Okposo              0  0  0   0  2   3  0  0  1  0  0/0    13:15   0:00   0:00 
Mark Barberio            0  0  0   1  0   0  0  0  0  0  0/0     4:07   0:00   0:00 
Nic Dowd                 0  0  0   0  0   1  0  0  0  0  2/7    13:02   0:00   0:00 
P.K. Subban              0  0  0   0  0   1  0  4  0  0  0/0    22:11   0:00   2:03 
Patrik Berglund          0  0  0  -1  0   3  1  0  0  0  0/0    11:08   0:00   0:58 
Phil Kessel              0  0  0   1  0   3  0  0  3  1  0/2    20:46   0:00   2:02 
Ryan Pulock              0  0  0   0  0   2  0  2  0  0  0/0    22:34   0:00   1:55 

Players Stats for Rangers

Player Name              G  A  P  +/- PIM S  H  SB GA TA FO     MP     PP MP  PK MP  
------------------------------------------------------------------------------------
Adam Pelech              0  0  0   0  0   1  1  2  0  0  0/0    17:23   0:00   0:00 
Ben Harpur               0  0  0   0  0   1  0  0  0  0  0/0     6:22   0:00   0:00 
Brayden Schenn           0  0  0   0  0   1  2  0  0  0  1/2    21:35   2:12   0:00 
Caleb Jones              0  0  0   0  0   1  1  1  0  0  0/0    13:43   2:17   0:00 
Dan Girardi              0  0  0   0  0   2  3  1  0  0  0/0    17:50   1:41   0:00 
Erik Karlsson            0  0  0   0  0   0  0  0  0  1  0/0    26:56   2:17   0:00 
Jason Spezza             0  0  0  -1  0   0  1  0  0  0  3/3     9:01   0:00   0:00 
Jason Zucker             1  0  1   1  0   4  0  1  1  0  1/1    20:01   1:46   0:00 
Johan Larsson            0  0  0  -1  0   0  1  1  0  0  0/0     8:30   0:00   0:00 
Justin Williams          0  1  1   1  0   0  1  1  0  0  0/0    19:44   1:46   0:00 
Kyle Connor              0  0  0   0  0   8  0  0  0  1  2/5    21:21   2:12   0:00 
Matt Duchene             0  0  0   0  0   5  0  0  1  0  19/31  21:21   2:12   0:00 
Matt Niskanen            0  0  0   0  0   0  2  2  0  0  0/0    23:35   0:00   0:00 
Nazem Kadri              0  1  1   1  0   3  1  0  0  1  8/11   19:43   1:46   0:00 
Oskar Sundqvist          0  0  0   0  0   1  1  0  0  0  0/0    12:55   0:00   0:00 
Pierre-Edouard Bellemare 0  0  0  -1  0   2  2  1  0  0  0/0     9:38   0:00   0:00 
Ron Hainsey              0  0  0   0  0   3  2  2  0  2  0/0    19:11   1:41   0:00 
Tyler Bozak              0  0  0   0  0   1  0  0  0  0  7/11   12:55   0:00   0:00 
Vinnie Hinostroza        0  0  0   0  0   1  0  2  0  0  0/0    13:16   0:00   0:00 

3 Stars

1 - Philipp Grubauer (NYR)
2 - Connor Hellebuyck (VGK)
3 - Jason Zucker (NYR)

Power Play

Golden Knights - 0 on 0 Attempt(s) - 0,00%
Rangers - 0 on 2 Attempt(s) - 0,00%

Penalty Kill

Golden Knights - 2 on 2 Attempt(s) - 100,00% - Score 0 goal in Penalty Kill
Rangers - 0 on 0 Attempt(s) - 0,00% - Score 0 goal in Penalty Kill

Team Stat

Golden Knights - Hits : 17 - Faceoff Wins : 23 - Blocked Shots : 15 - Penalty Minutes : 4
Rangers - Hits : 18 - Faceoff Wins : 41 - Blocked Shots : 14 - Penalty Minutes : 0

Official

Referees : Chris Lee and Tom Chmielewski
Linesman : Steve Miller and Vaughan Rody

Game Notes

No Game Note

Finance

Level 1 -- Attendance: 4771 (79,52%) -- Ticket Income 477 100 $
Level 2 -- Attendance: 4843 (96,86%) -- Ticket Income 290 580 $
Level 3 -- Attendance: 1843 (92,15%) -- Ticket Income 64 505 $
Level 4 -- Attendance: 3889 (97,23%) -- Ticket Income 77 780 $
Luxury Box -- Attendance: 740 (74,00%) -- Ticket Income 148 000 $
Game was played at the Blue Shirt Stadium.
Total Attendance: 16086 (89,37%)
Total Ticket Income: 1 057 965 $
Other Income: 518 403 $
Total Income: 1 576 368 $

Golden Knights

5 vs 5 Forward 
   Center                   Left Wing                Right Wing               Time % Phy DF OF 
 1 Evgeni Malkin            Derek Stepan             Phil Kessel              37     0   1  4  
 2 Blake Coleman            Antoine Roussel          Brock Boeser             36     0   2  3  
 3 Nic Dowd                 Kyle Okposo              Austin Watson            26     0   3  2  
 4 Byron Froese             Drake Caggiula           Patrik Berglund          1      0   3  2  

5 vs 5 Defense 
   Defense                  Defense                                           Time % Phy DF OF 
 1 Dustin Byfuglien         P.K. Subban                                       36     0   1  4  
 2 Ryan Pulock              Brooks Orpik                                      34     0   2  3  
 3 Kris Russell             Korbinian Holzer                                  25     0   3  2  
 4 Mark Barberio            Dustin Byfuglien                                  5      0   4  1  

PowerPlay Forward 
   Center                   Left Wing                Right Wing               Time % Phy DF OF 
 1 Evgeni Malkin            Derek Stepan             Phil Kessel              55     0   1  4  
 2 Blake Coleman            Antoine Roussel          Brock Boeser             45     0   1  4  

PowerPlay Defense
   Defense                  Defense                                           Time % Phy DF OF 
 1 Dustin Byfuglien         P.K. Subban                                       55     0   2  3  
 2 Ryan Pulock              Brooks Orpik                                      45     0   2  3  

Penalty Kill 4 Players Forward 
   Center                   Wing                     Time % Phy DF OF 
 1 Evgeni Malkin            Phil Kessel              60     0   3  2  
 2 Derek Stepan             Brock Boeser             40     0   3  2  

Penalty Kill 4 Players Defense
   Defense                  Defense                  Time % Phy DF OF 
 1 Dustin Byfuglien         P.K. Subban              55     0   4  1  
 2 Ryan Pulock              Brooks Orpik             45     0   4  1  

Penalty Kill - 3 Players Forward 
   Forward                                           Time % Phy DF OF 
 1 Evgeni Malkin                                     55     0   3  2  
 2 Phil Kessel                                       45     0   3  2  

Penalty Kill - 3 Players Defense
   Defense                  Defense                  Time % Phy DF OF 
 1 Dustin Byfuglien         P.K. Subban              55     0   4  1  
 2 Ryan Pulock              Brooks Orpik             45     0   4  1  

4 vs 4 Forward 
   Center                   Wing                     Time % Phy DF OF 
 1 Evgeni Malkin            Phil Kessel              55     0   2  3  
 2 Derek Stepan             Brock Boeser             45     0   2  3  

4 vs 4 Defense
   Defense                  Defense                  Time % Phy DF OF 
 1 Dustin Byfuglien         P.K. Subban              55     0   2  3  
 2 Ryan Pulock              Brooks Orpik             45     0   2  3  

Last Minutes Offensive
   Center                   Left Wing                Right Wing               Defense                  Defense                  
   Evgeni Malkin            Derek Stepan             Phil Kessel              Dustin Byfuglien         P.K. Subban              

Last Minutes Defensive
   Center                   Left Wing                Right Wing               Defense                  Defense                  
   Evgeni Malkin            Derek Stepan             Phil Kessel              Dustin Byfuglien         P.K. Subban              

Goaltenders
Starting : Connor Hellebuyck        
Backup : Louis Domingue           

Extra Forwards
Normal : Kyle Okposo, Austin Watson, Patrik Berglund - PP : Kyle Okposo, Austin Watson - PK : Patrik Berglund
Extra Defensemen
Normal : Kris Russell, Korbinian Holzer, Mark Barberio - PP : Kris Russell - PK : Korbinian Holzer, Mark Barberio
Penalty Shots
Evgeni Malkin, Dustin Byfuglien, Phil Kessel, Derek Stepan, Brock Boeser
Custom OT Lines Forwards
Evgeni Malkin, Dustin Byfuglien, Phil Kessel, Derek Stepan, Brock Boeser, Blake Coleman, Antoine Roussel, Kyle Okposo, Austin Watson, Patrik Berglund
Custom OT Lines Defensemen
Dustin Byfuglien, P.K. Subban, Ryan Pulock, Brooks Orpik, Kris Russell

Scratches
Daniel O'Regan (Healthy)

Rangers

5 vs 5 Forward 
   Center                   Left Wing                Right Wing               Time % Phy DF OF 
 1 Matt Duchene             Kyle Connor              Brayden Schenn           35     0   1  4  
 2 Nazem Kadri              Jason Zucker             Justin Williams          32     0   2  3  
 3 Tyler Bozak              Oskar Sundqvist          Vinnie Hinostroza        23     0   2  3  
 4 Jason Spezza             Johan Larsson            Pierre-Edouard Bellemare 10     0   4  1  

5 vs 5 Defense 
   Defense                  Defense                                           Time % Phy DF OF 
 1 Erik Karlsson            Matt Niskanen                                     40     1   2  2  
 2 Dan Girardi              Ron Hainsey                                       29     1   2  2  
 3 Adam Pelech              Caleb Jones                                       20     0   3  2  
 4 Adam Pelech              Ben Harpur                                        11     1   2  2  

PowerPlay Forward 
   Center                   Left Wing                Right Wing               Time % Phy DF OF 
 1 Matt Duchene             Kyle Connor              Brayden Schenn           60     0   1  4  
 2 Nazem Kadri              Jason Zucker             Justin Williams          40     0   1  4  

PowerPlay Defense
   Defense                  Defense                                           Time % Phy DF OF 
 1 Erik Karlsson            Caleb Jones                                       60     0   1  4  
 2 Ron Hainsey              Dan Girardi                                       40     0   1  4  

Penalty Kill 4 Players Forward 
   Center                   Wing                     Time % Phy DF OF 
 1 Johan Larsson            Oskar Sundqvist          60     0   5  0  
 2 Tyler Bozak              Pierre-Edouard Bellemare 40     0   5  0  

Penalty Kill 4 Players Defense
   Defense                  Defense                  Time % Phy DF OF 
 1 Matt Niskanen            Ron Hainsey              60     0   5  0  
 2 Ben Harpur               Dan Girardi              40     0   5  0  

Penalty Kill - 3 Players Forward 
   Forward                                           Time % Phy DF OF 
 1 Johan Larsson                                     60     0   5  0  
 2 Oskar Sundqvist                                   40     0   5  0  

Penalty Kill - 3 Players Defense
   Defense                  Defense                  Time % Phy DF OF 
 1 Matt Niskanen            Ron Hainsey              60     0   5  0  
 2 Dan Girardi              Ben Harpur               40     0   5  0  

4 vs 4 Forward 
   Center                   Wing                     Time % Phy DF OF 
 1 Nazem Kadri              Vinnie Hinostroza        60     0   2  3  
 2 Tyler Bozak              Oskar Sundqvist          40     0   2  3  

4 vs 4 Defense
   Defense                  Defense                  Time % Phy DF OF 
 1 Erik Karlsson            Matt Niskanen            60     0   2  3  
 2 Ron Hainsey              Dan Girardi              40     0   2  3  

Last Minutes Offensive
   Center                   Left Wing                Right Wing               Defense                  Defense                  
   Matt Duchene             Kyle Connor              Brayden Schenn           Erik Karlsson            Matt Niskanen            

Last Minutes Defensive
   Center                   Left Wing                Right Wing               Defense                  Defense                  
   Johan Larsson            Pierre-Edouard Bellemare Oskar Sundqvist          Ben Harpur               Ron Hainsey              

Goaltenders
Starting : Philipp Grubauer         
Backup : Alexandar Georgiev       

Extra Forwards
Normal : Nazem Kadri, Jason Zucker, Jason Spezza - PP : Vinnie Hinostroza, Oskar Sundqvist - PK : Pierre-Edouard Bellemare
Extra Defensemen
Normal : Erik Karlsson, Matt Niskanen, Ron Hainsey - PP : Caleb Jones - PK : Ben Harpur, Dan Girardi
Penalty Shots
Kyle Connor, Matt Duchene, Jason Spezza, Caleb Jones, Vinnie Hinostroza
Custom OT Lines Forwards
Matt Duchene, Kyle Connor, Brayden Schenn, Jason Zucker, Nazem Kadri, Justin Williams, Pierre-Edouard Bellemare, Vinnie Hinostroza, Oskar Sundqvist, Tyler Bozak
Custom OT Lines Defensemen
Erik Karlsson, Matt Niskanen, Ron Hainsey, Dan Girardi, Ben Harpur

Scratches
Tyler Graovac (Healthy), Alex Nedeljkovic (Healthy)

% Time on Ice - Golden Knights

Lines # - Real PCT - Wanted PCT - Time Play
Normal Forward
1 - 31% - 37% - 17:23
2 - 28% - 36% - 15:47
3 - 23% - 26% - 13:02
4 - 18% - 1% - 9:50
Normal Defense
1 - 32% - 36% - 18:11
2 - 34% - 34% - 19:00
3 - 26% - 25% - 14:44
4 - 7% - 5% - 4:07
PP Forward
1 - 0% - 55%
2 - 0% - 45%
PP Defense
1 - 0% - 55%
2 - 0% - 45%
PK Forward
1 - 77% - 60% - 3:03
2 - 23% - 40% - 0:55
PK Defense
1 - 52% - 55% - 2:03
2 - 48% - 45% - 1:55
PK3 Forward
1 - 0% - 55%
2 - 0% - 45%
PK3 Defense
1 - 0% - 55%
2 - 0% - 45%
44 Forward
1 - 0% - 55%
2 - 0% - 45%
44 Defense
1 - 0% - 55%
2 - 0% - 45%
Last Minute Offensive  - 0:00
Last Minute Defensive  - 0:00
Total
Forward - 60:00
Defense - 60:00

% Time on Ice - Rangers

Lines # - Real PCT - Wanted PCT - Time Play
Normal Forward
1 - 31% - 35% - 17:22
2 - 31% - 32% - 17:15
3 - 23% - 23% - 12:55
4 - 15% - 10% - 8:30
Normal Defense
1 - 41% - 40% - 23:05
2 - 28% - 29% - 15:34
3 - 20% - 20% - 11:01
4 - 11% - 11% - 6:22
PP Forward
1 - 55% - 60% - 2:12
2 - 45% - 40% - 1:46
PP Defense
1 - 58% - 60% - 2:17
2 - 42% - 40% - 1:41
PK Forward
1 - 0% - 60%
2 - 0% - 40%
PK Defense
1 - 0% - 60%
2 - 0% - 40%
PK3 Forward
1 - 0% - 60%
2 - 0% - 40%
PK3 Defense
1 - 0% - 60%
2 - 0% - 40%
44 Forward
1 - 0% - 60%
2 - 0% - 40%
44 Defense
1 - 0% - 60%
2 - 0% - 40%
Last Minute Offensive  - 0:00
Last Minute Defensive  - 0:00
Total
Forward - 60:00
Defense - 60:00

Play-by-Play

1st period


0:01 of 1st period - Evgeni Malkin wins face-off versus Brayden Schenn in neutral zone.
0:14 of 1st period - Snap shot by Kyle Connor.
0:14 of 1st period - Stopped by Connor Hellebuyck with a rebound.
0:26 of 1st period - Matt Niskanen is hit by Blake Coleman and loses puck.
0:33 of 1st period - Snap shot by Brock Boeser.
0:33 of 1st period - Shot Blocked by Matt Niskanen.
0:35 of 1st period - Slapshot by Blake Coleman.
0:35 of 1st period - Shot Misses the Net.
0:37 of 1st period - Slapshot by Ryan Pulock.
0:37 of 1st period - Stopped by Philipp Grubauer without a rebound.
0:38 of 1st period - Nic Dowd wins face-off versus Tyler Bozak in Rangers zone.
0:43 of 1st period - Snap shot by Austin Watson.
0:43 of 1st period - Shot Misses the Net.
0:45 of 1st period - Slapshot by Ryan Pulock.
0:45 of 1st period - Shot Misses the Net.
0:47 of 1st period - Wrist shot by Austin Watson.
0:47 of 1st period - Shot Blocked by Ron Hainsey.
1:17 of 1st period - Korbinian Holzer is hit by Ron Hainsey and loses puck.
1:53 of 1st period - Snap shot by Jason Zucker.
1:53 of 1st period - Stopped by Connor Hellebuyck without a rebound.
1:54 of 1st period - Byron Froese wins face-off versus Nazem Kadri in Golden Knights zone.
2:03 of 1st period - Wrist shot by Drake Caggiula.
2:03 of 1st period - Shot Blocked by Justin Williams.
2:05 of 1st period - Wrist shot by Drake Caggiula.
2:05 of 1st period - Shot Misses the Net.
2:07 of 1st period - Snap shot by Patrik Berglund.
2:07 of 1st period - Stopped by Philipp Grubauer with a rebound.
2:51 of 1st period - Slapshot by P.K. Subban.
2:51 of 1st period - Shot Blocked by Matt Niskanen.
4:34 of 1st period - Wrist shot by P.K. Subban.
4:34 of 1st period - Stopped by Philipp Grubauer without a rebound.
4:35 of 1st period - Kyle Connor wins face-off versus Blake Coleman in Rangers zone.
4:46 of 1st period - Off-side.
4:47 of 1st period - Matt Duchene wins face-off versus Evgeni Malkin in neutral zone.
4:54 of 1st period - Snap shot by Matt Duchene.
4:54 of 1st period - Stopped by Connor Hellebuyck with a rebound.
4:56 of 1st period - Slapshot by Dan Girardi.
4:56 of 1st period - Deflect By Kyle Connor.
4:56 of 1st period - Stopped by Connor Hellebuyck with a rebound.
4:58 of 1st period - Slapshot by Dan Girardi.
4:58 of 1st period - Deflect By Ryan Pulock.
4:58 of 1st period - Stopped by Connor Hellebuyck with a rebound.
5:00 of 1st period - Slapshot by Ron Hainsey.
5:00 of 1st period - Deflect By Kyle Connor.
5:00 of 1st period - Shot Blocked by Brooks Orpik.
5:00 of 1st period - Puck is out of play.
5:01 of 1st period - Blake Coleman wins face-off versus Matt Duchene in Golden Knights zone.
5:28 of 1st period - Adam Pelech is hit by Brooks Orpik and loses puck.
5:45 of 1st period - Snap shot by Pierre-Edouard Bellemare.
5:45 of 1st period - Stopped by Connor Hellebuyck with a rebound.
5:51 of 1st period - Snap shot by Evgeni Malkin.
5:51 of 1st period - Stopped by Philipp Grubauer without a rebound.
5:52 of 1st period - Blake Coleman wins face-off versus Tyler Bozak in Rangers zone.
5:55 of 1st period - Wrist shot by Antoine Roussel.
5:55 of 1st period - Shot Misses the Net.
5:57 of 1st period - Snap shot by Blake Coleman.
5:57 of 1st period - Shot Misses the Net.
6:17 of 1st period - Derek Stepan is hit by Brayden Schenn and loses puck.
6:38 of 1st period - Kris Russell is hit by Caleb Jones and loses puck.
7:24 of 1st period - Dustin Byfuglien is hit by Brayden Schenn and loses puck.
8:20 of 1st period - Icing by Blake Coleman.
8:21 of 1st period - Jason Spezza wins face-off versus Brock Boeser in Golden Knights zone.
8:28 of 1st period - Wrist shot by Jason Zucker.
8:28 of 1st period - Stopped by Connor Hellebuyck without a rebound.
8:29 of 1st period - Nazem Kadri wins face-off versus Evgeni Malkin in Golden Knights zone.
8:36 of 1st period - Snap shot by Jason Zucker.
8:36 of 1st period - Shot Blocked by Ryan Pulock.
8:54 of 1st period - Ryan Pulock is hit by Adam Pelech and loses puck.
9:22 of 1st period - Snap shot by Kyle Okposo.
9:22 of 1st period - Shot Misses the Net.
9:24 of 1st period - Slapshot by Brooks Orpik.
9:24 of 1st period - Stopped by Philipp Grubauer with a rebound.
9:42 of 1st period - Snap shot by Nazem Kadri.
9:42 of 1st period - Deflect By Derek Stepan.
9:42 of 1st period - Shot Misses the Net.
9:42 of 1st period - Puck is out of play.
9:43 of 1st period - Evgeni Malkin wins face-off versus Nazem Kadri in Golden Knights zone.
9:50 of 1st period - Slapshot by Nazem Kadri.
9:50 of 1st period - Shot Blocked by Korbinian Holzer.
9:54 of 1st period - Wrist shot by Nazem Kadri.
9:54 of 1st period - Stopped by Connor Hellebuyck without a rebound.
9:55 of 1st period - Kyle Connor wins face-off versus Evgeni Malkin in Golden Knights zone.
10:47 of 1st period - Snap shot by Nazem Kadri.
10:47 of 1st period - Shot Blocked by Korbinian Holzer.
10:49 of 1st period - Slapshot by Justin Williams.
10:49 of 1st period - Shot Misses the Net.
11:09 of 1st period - Slapshot by Kyle Okposo.
11:09 of 1st period - Shot Blocked by Johan Larsson.
11:11 of 1st period - Slapshot by Kris Russell.
11:11 of 1st period - Shot Misses the Net.
11:13 of 1st period - Slapshot by Kris Russell.
11:13 of 1st period - Shot Blocked by Pierre-Edouard Bellemare.
11:15 of 1st period - Wrist shot by Korbinian Holzer.
11:15 of 1st period - Shot Blocked by Ron Hainsey.
11:17 of 1st period - Snap shot by Nic Dowd.
11:17 of 1st period - Deflect By Kyle Okposo.
11:17 of 1st period - Shot Misses the Net.
11:17 of 1st period - Puck is out of play.
11:18 of 1st period - Matt Duchene wins face-off versus Evgeni Malkin in Rangers zone.
11:45 of 1st period - Matt Niskanen is hit by Austin Watson and loses puck.
11:52 of 1st period - Snap shot by Kyle Okposo.
11:52 of 1st period - Shot Misses the Net.
12:35 of 1st period - Snap shot by Antoine Roussel.
12:35 of 1st period - Stopped by Philipp Grubauer with a rebound.
12:37 of 1st period - Wrist shot by Antoine Roussel.
12:37 of 1st period - Stopped by Philipp Grubauer without a rebound.
12:38 of 1st period - Matt Duchene wins face-off versus Evgeni Malkin in Rangers zone.
12:47 of 1st period - Snap shot by Kyle Connor.
12:47 of 1st period - Shot Blocked by P.K. Subban.
12:49 of 1st period - Slapshot by Kyle Connor.
12:49 of 1st period - Stopped by Connor Hellebuyck with a rebound.
12:51 of 1st period - Snap shot by Kyle Connor.
12:51 of 1st period - Shot Blocked by P.K. Subban.
12:53 of 1st period - Slapshot by Ben Harpur.
12:53 of 1st period - Stopped by Connor Hellebuyck without a rebound.
12:54 of 1st period - Tyler Bozak wins face-off versus Blake Coleman in Golden Knights zone.
13:40 of 1st period - Snap shot by Dustin Byfuglien.
13:40 of 1st period - Stopped by Philipp Grubauer with a rebound.
14:11 of 1st period - Wrist shot by Jason Zucker.
14:11 of 1st period - Goal by Jason Zucker - Golden Knights : 0 - Rangers : 1.
14:12 of 1st period - Matt Duchene wins face-off versus Phil Kessel in neutral zone.
14:19 of 1st period - Wrist shot by Kyle Connor.
14:19 of 1st period - Stopped by Connor Hellebuyck without a rebound.
14:20 of 1st period - Evgeni Malkin wins face-off versus Matt Duchene in Golden Knights zone.
14:29 of 1st period - Wrist shot by Evgeni Malkin.
14:29 of 1st period - Stopped by Philipp Grubauer with a rebound.
14:35 of 1st period - Snap shot by Matt Duchene.
14:35 of 1st period - Stopped by Connor Hellebuyck without a rebound.
14:36 of 1st period - Blake Coleman wins face-off versus Tyler Bozak in Golden Knights zone.
14:40 of 1st period - Off-side.
14:41 of 1st period - Tyler Bozak wins face-off versus Blake Coleman in neutral zone.
15:12 of 1st period - Wrist shot by Evgeni Malkin.
15:12 of 1st period - Deflect By Kyle Connor.
15:12 of 1st period - Stopped by Philipp Grubauer with a rebound.
15:48 of 1st period - Slapshot by P.K. Subban.
15:48 of 1st period - Shot Blocked by Adam Pelech.
15:50 of 1st period - Snap shot by Patrik Berglund.
15:50 of 1st period - Shot Misses the Net.
15:52 of 1st period - Slapshot by Dustin Byfuglien.
15:52 of 1st period - Stopped by Philipp Grubauer with a rebound.
16:33 of 1st period - Snap shot by Kyle Connor.
16:33 of 1st period - Shot Misses the Net.
16:49 of 1st period - Snap shot by Kyle Okposo.
16:49 of 1st period - Stopped by Philipp Grubauer with a rebound.
17:15 of 1st period - Snap shot by Pierre-Edouard Bellemare.
17:15 of 1st period - Stopped by Connor Hellebuyck with a rebound.
17:17 of 1st period - Slapshot by Ron Hainsey.
17:17 of 1st period - Shot Misses the Net.
17:29 of 1st period - Wrist shot by Tyler Bozak.
17:29 of 1st period - Stopped by Connor Hellebuyck with a rebound.
17:31 of 1st period - Slapshot by Adam Pelech.
17:31 of 1st period - Stopped by Connor Hellebuyck without a rebound.
17:32 of 1st period - Blake Coleman wins face-off versus Matt Duchene in Golden Knights zone.
17:47 of 1st period - Snap shot by Blake Coleman.
17:47 of 1st period - Shot Misses the Net.
17:49 of 1st period - Wrist shot by Blake Coleman.
17:49 of 1st period - Shot Misses the Net.
17:51 of 1st period - Snap shot by Brock Boeser.
17:51 of 1st period - Shot Misses the Net.
17:53 of 1st period - Wrist shot by Brock Boeser.
17:53 of 1st period - Stopped by Philipp Grubauer without a rebound.
17:54 of 1st period - Nazem Kadri wins face-off versus Evgeni Malkin in Rangers zone.
18:40 of 1st period - Off-side.
18:41 of 1st period - Nic Dowd wins face-off versus Matt Duchene in neutral zone.
18:52 of 1st period - Slapshot by Austin Watson.
18:52 of 1st period - Deflect By Kyle Okposo.
18:52 of 1st period - Stopped by Philipp Grubauer with a rebound.
19:56 of 1st period - Slapshot by Pierre-Edouard Bellemare.
19:56 of 1st period - Shot Hit the Post.
19:58 of 1st period - Snap shot by Pierre-Edouard Bellemare.
19:58 of 1st period - Shot Misses the Net.
Goals for this period are 0 for Golden Knights vs 1 for Rangers.
Shots for this period are 14 for Golden Knights vs 16 for Rangers.

2nd period


0:01 of 2nd period - Evgeni Malkin wins face-off versus Matt Duchene in neutral zone.
0:14 of 2nd period - Snap shot by Evgeni Malkin.
0:14 of 2nd period - Shot Misses the Net.
0:43 of 2nd period - Erik Karlsson is hit by Dustin Byfuglien.
0:53 of 2nd period - Snap shot by Brock Boeser.
0:53 of 2nd period - Stopped by Philipp Grubauer without a rebound.
0:54 of 2nd period - Evgeni Malkin wins face-off versus Matt Duchene in Rangers zone.
1:21 of 2nd period - Evgeni Malkin is hit by Dan Girardi.
1:29 of 2nd period - Snap shot by Derek Stepan.
1:29 of 2nd period - Shot Misses the Net.
1:31 of 2nd period - Slapshot by Evgeni Malkin.
1:31 of 2nd period - Deflect By Pierre-Edouard Bellemare.
1:31 of 2nd period - Shot Misses the Net.
1:31 of 2nd period - Puck is out of play.
1:32 of 2nd period - Matt Duchene wins face-off versus Nic Dowd in Rangers zone.
1:59 of 2nd period - Minor Penalty to Kyle Okposo for Holding.
2:00 of 2nd period - Brayden Schenn wins face-off versus Evgeni Malkin in Golden Knights zone.
3:59 of 2nd period - Penalty to Kyle Okposo is over, Kyle Okposo is back on ice.
4:36 of 2nd period - Antoine Roussel is hit by Johan Larsson and loses puck.
4:51 of 2nd period - Wrist shot by Drake Caggiula.
4:51 of 2nd period - Shot Blocked by Vinnie Hinostroza.
4:53 of 2nd period - Slapshot by Kris Russell.
4:53 of 2nd period - Shot Misses the Net.
4:55 of 2nd period - Slapshot by Korbinian Holzer.
4:55 of 2nd period - Shot Misses the Net.
4:57 of 2nd period - Wrist shot by Patrik Berglund.
4:57 of 2nd period - Stopped by Philipp Grubauer with a rebound.
5:09 of 2nd period - Nic Dowd is hit by Jason Spezza and loses puck.
6:13 of 2nd period - Caleb Jones is hit by Antoine Roussel and loses puck.
6:35 of 2nd period - Icing by Patrik Berglund.
6:36 of 2nd period - Jason Spezza wins face-off versus Phil Kessel in Golden Knights zone.
6:47 of 2nd period - Slapshot by Derek Stepan.
6:47 of 2nd period - Goal by Derek Stepan - Golden Knights : 1 - Rangers : 1.
6:48 of 2nd period - Evgeni Malkin wins face-off versus Kyle Connor in neutral zone.
7:43 of 2nd period - Wrist shot by Oskar Sundqvist.
7:43 of 2nd period - Deflect By Vinnie Hinostroza.
7:43 of 2nd period - Shot Misses the Net.
7:43 of 2nd period - Puck is out of play.
7:44 of 2nd period - Matt Duchene wins face-off versus Evgeni Malkin in Golden Knights zone.
8:18 of 2nd period - Wrist shot by Blake Coleman.
8:18 of 2nd period - Deflect By Erik Karlsson.
8:18 of 2nd period - Shot Misses the Net.
8:18 of 2nd period - Puck is out of play.
8:19 of 2nd period - Nazem Kadri wins face-off versus Blake Coleman in Rangers zone.
8:19 of 2nd period - Nazem Kadri is hit by Korbinian Holzer.
8:29 of 2nd period - Snap shot by Nazem Kadri.
8:29 of 2nd period - Shot Blocked by Blake Coleman.
8:35 of 2nd period - Snap shot by Nazem Kadri.
8:35 of 2nd period - Stopped by Connor Hellebuyck without a rebound.
8:36 of 2nd period - Matt Duchene wins face-off versus Evgeni Malkin in Golden Knights zone.
8:37 of 2nd period - Wrist shot by Brayden Schenn.
8:37 of 2nd period - Deflect By Matt Duchene.
8:37 of 2nd period - Stopped by Connor Hellebuyck without a rebound.
8:38 of 2nd period - Evgeni Malkin wins face-off versus Kyle Connor in Golden Knights zone.
8:40 of 2nd period - Icing by Dustin Byfuglien.
8:41 of 2nd period - Matt Duchene wins face-off versus Evgeni Malkin in Golden Knights zone.
9:30 of 2nd period - Snap shot by Kyle Connor.
9:30 of 2nd period - Stopped by Connor Hellebuyck without a rebound.
9:31 of 2nd period - Nazem Kadri wins face-off versus Blake Coleman in Golden Knights zone.
9:36 of 2nd period - Snap shot by Justin Williams.
9:36 of 2nd period - Shot Misses the Net.
9:44 of 2nd period - Dan Girardi is hit by Brooks Orpik and loses puck.
10:18 of 2nd period - Adam Pelech is hit by Drake Caggiula and loses puck.
10:31 of 2nd period - Pierre-Edouard Bellemare is hit by Patrik Berglund and loses puck.
11:04 of 2nd period - Derek Stepan is hit by Oskar Sundqvist and loses puck.
12:09 of 2nd period - Snap shot by Nazem Kadri.
12:09 of 2nd period - Shot Blocked by P.K. Subban.
12:21 of 2nd period - Tyler Bozak is hit by Dustin Byfuglien and loses puck.
13:00 of 2nd period - Ron Hainsey is hit by Dustin Byfuglien and loses puck.
14:04 of 2nd period - Wrist shot by Phil Kessel.
14:04 of 2nd period - Stopped by Philipp Grubauer without a rebound.
14:05 of 2nd period - Blake Coleman wins face-off versus Matt Duchene in Rangers zone.
14:06 of 2nd period - Slapshot by Brock Boeser.
14:06 of 2nd period - Stopped by Philipp Grubauer without a rebound.
14:07 of 2nd period - Matt Duchene wins face-off versus Blake Coleman in Rangers zone.
14:20 of 2nd period - Wrist shot by Matt Duchene.
14:20 of 2nd period - Stopped by Connor Hellebuyck without a rebound.
14:21 of 2nd period - Matt Duchene wins face-off versus Evgeni Malkin in Golden Knights zone.
14:48 of 2nd period - Justin Williams is hit by Brock Boeser and loses puck.
15:14 of 2nd period - Snap shot by Oskar Sundqvist.
15:14 of 2nd period - Stopped by Connor Hellebuyck without a rebound.
15:15 of 2nd period - Matt Duchene wins face-off versus Evgeni Malkin in Golden Knights zone.
16:25 of 2nd period - Snap shot by Vinnie Hinostroza.
16:25 of 2nd period - Stopped by Connor Hellebuyck with a rebound.
16:27 of 2nd period - Snap shot by Ron Hainsey.
16:27 of 2nd period - Shot Misses the Net.
16:29 of 2nd period - Snap shot by Oskar Sundqvist.
16:29 of 2nd period - Shot Blocked by Drake Caggiula.
16:31 of 2nd period - Slapshot by Dan Girardi.
16:31 of 2nd period - Stopped by Connor Hellebuyck with a rebound.
16:33 of 2nd period - Slapshot by Dan Girardi.
16:33 of 2nd period - Shot Blocked by Drake Caggiula.
16:53 of 2nd period - Wrist shot by Erik Karlsson.
16:53 of 2nd period - Deflect By Brayden Schenn.
16:53 of 2nd period - Shot Misses the Net.
16:53 of 2nd period - Puck is out of play.
16:54 of 2nd period - Nazem Kadri wins face-off versus Blake Coleman in Golden Knights zone.
17:26 of 2nd period - Backhand shot by Kyle Connor.
17:26 of 2nd period - Stopped by Connor Hellebuyck without a rebound.
17:27 of 2nd period - Evgeni Malkin wins face-off versus Kyle Connor in Golden Knights zone.
19:38 of 2nd period - Slapshot by Austin Watson.
19:38 of 2nd period - Stopped by Philipp Grubauer without a rebound.
19:39 of 2nd period - Tyler Bozak wins face-off versus Nic Dowd in Rangers zone.
19:44 of 2nd period - Ryan Pulock is hit by Dan Girardi and loses puck.
Goals for this period are 1 for Golden Knights vs 0 for Rangers.
Shots for this period are 6 for Golden Knights vs 8 for Rangers.

3rd period


0:01 of 3rd period - Matt Duchene wins face-off versus Evgeni Malkin in neutral zone.
0:50 of 3rd period - Matt Niskanen is hit by Austin Watson and loses puck.
1:17 of 3rd period - Off-side.
1:18 of 3rd period - Matt Duchene wins face-off versus Derek Stepan in neutral zone.
1:53 of 3rd period - Wrist shot by Blake Coleman.
1:53 of 3rd period - Stopped by Philipp Grubauer without a rebound.
1:54 of 3rd period - Tyler Bozak wins face-off versus Nic Dowd in Rangers zone.
2:05 of 3rd period - Snap shot by Austin Watson.
2:05 of 3rd period - Stopped by Philipp Grubauer with a rebound.
2:07 of 3rd period - Slapshot by Kris Russell.
2:07 of 3rd period - Stopped by Philipp Grubauer without a rebound.
2:08 of 3rd period - Matt Duchene wins face-off versus Blake Coleman in Rangers zone.
2:13 of 3rd period - Slapshot by Erik Karlsson.
2:13 of 3rd period - Deflect By Matt Duchene.
2:13 of 3rd period - Shot Blocked by Blake Coleman.
2:13 of 3rd period - Puck is out of play.
2:14 of 3rd period - Blake Coleman wins face-off versus Matt Duchene in Golden Knights zone.
2:18 of 3rd period - Off-side.
2:19 of 3rd period - Evgeni Malkin wins face-off versus Matt Duchene in neutral zone.
2:30 of 3rd period - Snap shot by Kyle Connor.
2:30 of 3rd period - Shot Misses the Net.
2:32 of 3rd period - Slapshot by Caleb Jones.
2:32 of 3rd period - Shot Misses the Net.
2:34 of 3rd period - Slapshot by Adam Pelech.
2:34 of 3rd period - Shot Blocked by P.K. Subban.
2:36 of 3rd period - Wrist shot by Kyle Connor.
2:36 of 3rd period - Shot Misses the Net.
3:08 of 3rd period - Backhand shot by Vinnie Hinostroza.
3:08 of 3rd period - Shot Misses the Net.
3:32 of 3rd period - Wrist shot by Jason Spezza.
3:32 of 3rd period - Shot Misses the Net.
3:34 of 3rd period - Snap shot by Ron Hainsey.
3:34 of 3rd period - Stopped by Connor Hellebuyck with a rebound.
3:36 of 3rd period - Slapshot by Ron Hainsey.
3:36 of 3rd period - Shot Blocked by Drake Caggiula.
4:07 of 3rd period - Icing by Jason Zucker.
4:08 of 3rd period - Nazem Kadri wins face-off versus Blake Coleman in Rangers zone.
4:27 of 3rd period - Off-side.
4:28 of 3rd period - Evgeni Malkin wins face-off versus Matt Duchene in neutral zone.
4:44 of 3rd period - Derek Stepan is hit by Matt Niskanen and loses puck.
4:55 of 3rd period - Blake Coleman is hit by Matt Niskanen and loses puck.
5:42 of 3rd period - Snap shot by Kyle Connor.
5:42 of 3rd period - Stopped by Connor Hellebuyck without a rebound.
5:43 of 3rd period - Matt Duchene wins face-off versus Byron Froese in Golden Knights zone.
5:58 of 3rd period - Wrist shot by Matt Duchene.
5:58 of 3rd period - Stopped by Connor Hellebuyck with a rebound.
6:16 of 3rd period - Wrist shot by Kyle Connor.
6:16 of 3rd period - Shot Blocked by Ryan Pulock.
6:18 of 3rd period - Wrist shot by Brayden Schenn.
6:18 of 3rd period - Stopped by Connor Hellebuyck with a rebound.
6:20 of 3rd period - Slapshot by Caleb Jones.
6:20 of 3rd period - Stopped by Connor Hellebuyck with a rebound.
6:22 of 3rd period - Wrist shot by Kyle Connor.
6:22 of 3rd period - Stopped by Connor Hellebuyck without a rebound.
6:23 of 3rd period - Jason Zucker wins face-off versus Evgeni Malkin in Golden Knights zone.
7:29 of 3rd period - Slapshot by Phil Kessel.
7:29 of 3rd period - Shot Misses the Net.
7:31 of 3rd period - Snap shot by Phil Kessel.
7:31 of 3rd period - Deflect By Evgeni Malkin.
7:31 of 3rd period - Shot Misses the Net.
7:31 of 3rd period - Puck is out of play.
7:32 of 3rd period - Nazem Kadri wins face-off versus Evgeni Malkin in Rangers zone.
7:44 of 3rd period - Wrist shot by Jason Zucker.
7:44 of 3rd period - Stopped by Connor Hellebuyck without a rebound.
7:45 of 3rd period - Blake Coleman wins face-off versus Matt Duchene in Golden Knights zone.
8:07 of 3rd period - Minor Penalty to Antoine Roussel for Boarding.
8:08 of 3rd period - Matt Duchene wins face-off versus Evgeni Malkin in Golden Knights zone.
10:07 of 3rd period - Penalty to Antoine Roussel is over, Antoine Roussel is back on ice.
10:22 of 3rd period - Snap shot by Brock Boeser.
10:22 of 3rd period - Shot Blocked by Caleb Jones.
11:11 of 3rd period - Byron Froese is hit by Dan Girardi and loses puck.
11:28 of 3rd period - Ryan Pulock is hit by Ron Hainsey and loses puck.
11:53 of 3rd period - Snap shot by Kyle Okposo.
11:53 of 3rd period - Shot Misses the Net.
11:55 of 3rd period - Slapshot by Nic Dowd.
11:55 of 3rd period - Shot Misses the Net.
11:57 of 3rd period - Slapshot by Brooks Orpik.
11:57 of 3rd period - Shot Blocked by Adam Pelech.
11:59 of 3rd period - Snap shot by Nic Dowd.
11:59 of 3rd period - Deflect By Austin Watson.
11:59 of 3rd period - Stopped by Philipp Grubauer with a rebound.
12:01 of 3rd period - Slapshot by Brooks Orpik.
12:01 of 3rd period - Stopped by Philipp Grubauer with a rebound.
12:11 of 3rd period - Slapshot by Dustin Byfuglien.
12:11 of 3rd period - Shot Misses the Net.
12:13 of 3rd period - Snap shot by Byron Froese.
12:13 of 3rd period - Stopped by Philipp Grubauer without a rebound.
12:14 of 3rd period - Jason Spezza wins face-off versus Byron Froese in Rangers zone.
12:14 of 3rd period - Jason Spezza is hit by Drake Caggiula.
12:38 of 3rd period - Snap shot by Patrik Berglund.
12:38 of 3rd period - Stopped by Philipp Grubauer without a rebound.
12:39 of 3rd period - Evgeni Malkin wins face-off versus Nazem Kadri in Rangers zone.
12:54 of 3rd period - Snap shot by Phil Kessel.
12:54 of 3rd period - Shot Misses the Net.
13:13 of 3rd period - Snap shot by Blake Coleman.
13:13 of 3rd period - Stopped by Philipp Grubauer without a rebound.
13:14 of 3rd period - Evgeni Malkin wins face-off versus Matt Duchene in Rangers zone.
13:25 of 3rd period - Slapshot by Evgeni Malkin.
13:25 of 3rd period - Shot Misses the Net.
13:27 of 3rd period - Snap shot by Evgeni Malkin.
13:27 of 3rd period - Stopped by Philipp Grubauer without a rebound.
13:28 of 3rd period - Nazem Kadri wins face-off versus Blake Coleman in Rangers zone.
14:03 of 3rd period - Snap shot by Phil Kessel.
14:03 of 3rd period - Stopped by Philipp Grubauer with a rebound.
15:28 of 3rd period - Evgeni Malkin is hit by Nazem Kadri.
15:39 of 3rd period - Off-side.
15:40 of 3rd period - Matt Duchene wins face-off versus Nic Dowd in neutral zone.
16:07 of 3rd period - Ryan Pulock is hit by Pierre-Edouard Bellemare and loses puck.
16:23 of 3rd period - Ron Hainsey is hit by Brooks Orpik and loses puck.
16:28 of 3rd period - Snap shot by Kyle Okposo.
16:28 of 3rd period - Shot Blocked by Dan Girardi.
16:30 of 3rd period - Wrist shot by Kyle Okposo.
16:30 of 3rd period - Stopped by Philipp Grubauer without a rebound.
16:31 of 3rd period - Evgeni Malkin wins face-off versus Tyler Bozak in Rangers zone.
16:34 of 3rd period - Wrist shot by Phil Kessel.
16:34 of 3rd period - Shot Misses the Net.
16:36 of 3rd period - Slapshot by Evgeni Malkin.
16:36 of 3rd period - Stopped by Philipp Grubauer without a rebound.
16:37 of 3rd period - Tyler Bozak wins face-off versus Evgeni Malkin in Rangers zone.
16:50 of 3rd period - Slapshot by Phil Kessel.
16:50 of 3rd period - Stopped by Philipp Grubauer with a rebound.
17:04 of 3rd period - Snap shot by Matt Duchene.
17:04 of 3rd period - Shot Misses the Net.
17:36 of 3rd period - Slapshot by Nazem Kadri.
17:36 of 3rd period - Stopped by Connor Hellebuyck without a rebound.
17:37 of 3rd period - Tyler Bozak wins face-off versus Nic Dowd in Golden Knights zone.
18:04 of 3rd period - Mark Barberio is hit by Justin Williams.
18:20 of 3rd period - Jason Zucker is hit by Brooks Orpik and loses puck.
18:45 of 3rd period - Slapshot by Ryan Pulock.
18:45 of 3rd period - Stopped by Philipp Grubauer with a rebound.
18:47 of 3rd period - Snap shot by Nic Dowd.
18:47 of 3rd period - Stopped by Philipp Grubauer with a rebound.
18:49 of 3rd period - Slapshot by Brooks Orpik.
18:49 of 3rd period - Stopped by Philipp Grubauer without a rebound.
18:50 of 3rd period - Tyler Bozak wins face-off versus Evgeni Malkin in Rangers zone.
18:50 of 3rd period - Tyler Bozak is hit by Derek Stepan.
19:22 of 3rd period - Dustin Byfuglien is hit by Pierre-Edouard Bellemare and loses puck.
19:29 of 3rd period - Slapshot by Jason Spezza.
19:29 of 3rd period - Shot Blocked by Evgeni Malkin.
19:31 of 3rd period - Slapshot by Ron Hainsey.
19:31 of 3rd period - Stopped by Connor Hellebuyck with a rebound.
19:33 of 3rd period - Slapshot by Ron Hainsey.
19:33 of 3rd period - Shot Misses the Net.
19:35 of 3rd period - Slapshot by Ron Hainsey.
19:35 of 3rd period - Stopped by Connor Hellebuyck with a rebound.
Goals for this period are 0 for Golden Knights vs 0 for Rangers.
Shots for this period are 16 for Golden Knights vs 10 for Rangers.

Overtime #1


0:01 of 1st overtime period - Matt Duchene wins face-off versus Evgeni Malkin in neutral zone.
0:11 of 1st overtime period - Off-side.
0:12 of 1st overtime period - Matt Duchene wins face-off versus Evgeni Malkin in neutral zone.
1:24 of 1st overtime period - Snap shot by Brock Boeser.
1:24 of 1st overtime period - Shot Blocked by Jason Zucker.
1:42 of 1st overtime period - Wrist shot by Justin Williams.
1:42 of 1st overtime period - Shot Hit the Post.
3:00 of 1st overtime period - Slapshot by P.K. Subban.
3:00 of 1st overtime period - Shot Blocked by Vinnie Hinostroza.
Goals for this period are 0 for Golden Knights vs 0 for Rangers.
Shots for this period are 0 for Golden Knights vs 0 for Rangers.

ShootOut


5:00 of 1st overtime period - Round #1.
5:00 of 1st overtime period - Golden Knights, Evgeni Malkin.
5:00 of 1st overtime period - Deke by Evgeni Malkin.
5:00 of 1st overtime period - Stopped by Philipp Grubauer.
5:00 of 1st overtime period - Rangers, Kyle Connor.
5:00 of 1st overtime period - Snap shot by Kyle Connor.
5:00 of 1st overtime period - Stopped by Connor Hellebuyck.
5:00 of 1st overtime period - Round #2.
5:00 of 1st overtime period - Golden Knights, Dustin Byfuglien.
5:00 of 1st overtime period - Backhand shot by Dustin Byfuglien.
5:00 of 1st overtime period - Stopped by Philipp Grubauer.
5:00 of 1st overtime period - Rangers, Matt Duchene.
5:00 of 1st overtime period - Deke by Matt Duchene.
5:00 of 1st overtime period - Goal by Matt Duchene.
5:00 of 1st overtime period - Round #3.
5:00 of 1st overtime period - Golden Knights, Phil Kessel.
5:00 of 1st overtime period - Snap shot by Phil Kessel.
5:00 of 1st overtime period - Shot Misses the Net. Output by the SimonT Hockey Simulator (STHS) for Eric Tremblay - Original Page W3C HTML5 Valid
Hockey Simulator - Hockey Simulation - Hockey Manager